 Dungeon Crawl Stone Soup version 0.29-a0-553-g81b289dbe5 (webtiles) character file.

Game seed: 13480635476892645735

37 Nietzsche the Ducker (level 3, 0/27 HPs)
             Began as a Vampire Gladiator on June 7, 2022.
             Slain by a goblin
             ... wielding a +2 dagger of venom
             ... led by Robin
              (1 damage)
             ... on level 2 of the Dungeon.
             The game lasted 00:03:16 (784 turns).

Nietzsche the Ducker (Vampire Gladiator)             Turns: 784, Time: 00:03:17

Health: 0/27       AC:  4    Str: 15    XL:     3   Next: 23%
Magic:  3/3        EV: 13    Int: 10    God:
Gold:   55         SH:  0    Dex: 15    Spells: 2/2 levels left

rFire   . . .      SeeInvis +   a - +0 rapier
rCold   . . .      Faith    .   h - orb {guile}
rNeg    . . .      Spirit   .   b - +0 leather armour
rPois   .          Reflect  .   c - +0 helmet
rElec   .          Harm     .   (no cloak)
rCorr   .          Rampage  .   (no gloves)
Will    .....                   (no boots)
Stlth   ++........              (no amulet)
HPRegen 0.29/turn               (no ring)
MPRegen 0.08/turn               (no ring)

@: lethally poisoned (0 -> -4), healing quickly
A: alive, fangs 3, see invisible, vampiric 2, camouflage 1, passive freeze
a: Exsanguinate


You were on level 2 of the Dungeon.
You visited 1 branch of the dungeon, and saw 2 of its levels.

You collected 55 gold pieces.

Inventory:

Hand Weapons
 a - a +0 rapier (weapon)
Missiles
 d - 3 throwing nets (quivered)
 e - a javelin
Armour
 b - a +0 leather armour (worn)
 c - a +0 helmet (worn)
 h - an orb of guile (worn)
Scrolls
 f - a scroll of poison {unknown}
 g - a scroll of teleportation {unknown}
 i - a scroll of blinking {unknown}


   Skills:
 + Level 1.9 Fighting
 + Level 3.8 Short Blades
 + Level 1.6 Throwing
 + Level 0.1 Armour
 + Level 4.2 Dodging
 + Level 0.6 Stealth


You had 2 spell levels left.
You didn't know any spells.
Your spell library contained the following spells:

 Spells                   Type           Power      Damage    Failure   Level
 Static Discharge         Conj/Air       0%         N/A       56%         2
 Dispel Undead            Necr           0%         3d6       99%         4
 Sticky Flame             Conj/Fire      0%         2d3       99%         4


Dungeon Overview and Level Annotations

Branches:
Dungeon (2/15)

Altars:

Annotations:
D:2 Robin


Innate Abilities, Weirdness & Mutations

Your natural rate of healing is accelerated.
You have razor-sharp teeth.
You have supernaturally acute eyesight. (SInv)
You are afflicted with vampirism and can become a bat while bloodless.
Your skin changes colour to match your surroundings (Stealth+).
A frigid envelope surrounds you and freezes all who hurt you.


Message History

* * * LOW HITPOINT WARNING * * *
Robin roars a battlecry!
You see here a +0 dagger.
It was a potion of mutation.
You feel extremely strange.
Your skin feels very cold.
Your skin functions as natural camouflage.
The goblin hits you with a +0 dagger.
* * * LOW HITPOINT WARNING * * *
The goblin is very cold.
The goblin is severely wounded.
The goblin attacks as you move away! The goblin barely misses you.
The goblin attacks as you move away! The goblin hits you with a +0 dagger.
* * * LOW HITPOINT WARNING * * *
The goblin is very cold.
You kill the goblin!
Found a leather armour.
The goblin no longer looks unusually strong. x2
You see here a +0 leather armour.
Found a scroll labelled MECUD WOODGHI.
You see here a scroll labelled MECUD WOODGHI.
f - a scroll labelled MECUD WOODGHI The goblin attacks as you move away!
The goblin barely misses you.
Found 12 gold pieces.
The goblin attacks as you move away!
The goblin hits you with a +2 dagger of venom.
* * * LOW HITPOINT WARNING * * *
You are lethally poisoned!
The goblin is very cold.
The goblin is moderately wounded.
* * * LOW HITPOINT WARNING * * *
You feel very sick.
* * * LOW HITPOINT WARNING * * *
You feel sick.
* * * LOW HITPOINT WARNING * * *
You feel sick.
* * * LOW HITPOINT WARNING * * *
You feel sick. The goblin attacks as you move away!
The goblin hits you with a +2 dagger of venom.
You die...

#.###.....##.#.#..
#.# #........#.#.#
#.# #........#.#..
#.# #........'....
#.########g..#.###
#.#..).g.gg....#
#.#.######...###
#$#.# #....# #@#.#
#....# #g#.#
#....# #.#.#
###### #g#.# #.#.#
#.#.# ####.#g#
#g...#g# #.####.#


You could see 2 goblins.

Vanquished Creatures
  A gnoll (D:1)
  A dart slug (D:1)
  A ball python (D:1)
  3 bats (D:1)
  An endoplasm (D:1)
  8 goblins
  2 hobgoblins (D:1)
  A quokka (D:1)
  2 frilled lizards
  2 rats (D:1)
22 creatures vanquished.

Vanquished Creatures (others)
  A plant (D:1)
1 creature vanquished.

Grand Total: 23 creatures vanquished

Notes
Turn   | Place    | Note
-------+----------+-------------------------------------------
     0 | D:1      | Nietzsche the Vampire Gladiator began the quest for the
                  | Orb.
     0 | D:1      | Reached XP level 1. HP: 16/16 MP: 1/1
   257 | D:1      | Reached XP level 2. HP: 22/22 MP: 2/2
   531 | D:1      | Reached skill level 4 in Dodging
   653 | D:2      | Noticed Robin
   661 | D:2      | Gained mutation: You are afflicted with vampirism and can
                  | become a bat while bloodless. [Vampire growth]
   661 | D:2      | Reached XP level 3. HP: 16/27 MP: 3/3
   712 | D:2      | Found a faded altar of an unknown god.
   747 | D:2      | Gained mutation: A frigid envelope surrounds you and
                  | freezes all who hurt you. [potion of mutation]
   747 | D:2      | Gained mutation: Your skin changes colour to match your
                  | surroundings (Stealth+). [potion of mutation]
   783 | D:2      | HP: 1/27 [poisoned by a goblin]
   784 | D:2      | Slain by a goblin

Illustrated notes

Levels and vault maps discovered:
D:1:      psy_arrival_statuary, layout_loops_ring, nicolae_grassy_gnolls
D:2:      layout_basic, ebering_ecumenical_altar_sacrificial, uniq_robin

Skill      XL: |  1  2 |
---------------+-------+-----
Dodging        | 4 |  4.2
Fighting       | |  1.9
Short Blades   | |  3.8
Throwing       | |  1.6
Armour         | |  0.1
Stealth        | |  0.6

Action                   || total
-------------------------++-------
Melee: Rapier            ||    55
       Bite              ||     2
  Use: Potion            ||     2
 Stab: Sleeping          ||     2
Armor: Leather armour    ||    16
Dodge: Dodged            ||    39

Table legend: (Time is in decaauts)
 A = Elapsed time spent in this place.
 B = Non-inter-level travel time spent in this place.
 C = Inter-level travel time spent in this place.
 D = Time resting spent in this place.
 E = Time spent auto-exploring this place.
 F = Levels seen in this place.
 G = Mean time per level.
                   A        B        C        D        E       F      G
               +--------+--------+--------+--------+--------+-----+--------+
         Total |    784 |    784 |      0 |      0 |    559 |   2 |  392.0 |
       Dungeon |    784 |    784 |      0 |      0 |    559 |   2 |  392.0 |
               +--------+--------+--------+--------+--------+-----+--------+

Top non-repeatable levels by time:
     D:1: 639 daAuts
     D:2: 145 daAuts
